[Event "42nd Olympiad Baku 2016 Open"]
[Site "Baku"]
[Date "2016.09.06"]
[Round "5.1"]
[White "Leitao, Rafael"]
[Black "Jumabayev, Rinat"]
[Result "1/2-1/2"]
[ECO "D80"]
[WhiteElo "2616"]
[BlackElo "2604"]
[Annotator ""]
[PlyCount "129"]
[EventDate "2016.??.??"]
[EventType "team-tourn"]
[EventCountry "AZE"]
[SourceTitle "playchess.com"]
[Source "ChessBase"]
[WhiteTeam "Brazil"]
[BlackTeam "Kazakhstan"]
[WhiteTeamCountry "BRA"]
[BlackTeamCountry "KAZ"]
[TimeControl "40/5400+30:1800+30"]

1. d4 {(00:00)} Nf6 {(00:00)} 2. c4 {(00:00)} g6 {(
00:00)} 3. Nc3 {(00:00)} d5 {(00:00)} 4. Bg5 {(00:53)} Ne4
{(00:05)} 5. Bh4 {(00:08)} Nxc3 {(00:04)} 6. bxc3 {
(00:08)} dxc4 {(00:09)} 7. e3 {(00:13)} Be6 {(00:
06)} 8. Be2 {(00:23)} Bg7 {(00:21)} 9. Nh3 {(00:08)} Bxh3
{(06:00)} 10. gxh3 {(00:10)} O-O {(08:08)} 11. Rb1 {
(03:41)} b6 {(04:21)} 12. Bxc4 {(02:51)} Nc6 {(00:
46)} 13. Qf3 {(22:03)} Na5 {(01:00)} 14. Be2 {(02:32)} Qd7
{(21:45)} 15. O-O {(00:38)} e5 {(02:24)} 16. Qg2 {(
31:26)} Rae8 {(14:13)} 17. Bf3 {(06:16)} Re6 {(01:19)} 18.
Bg3 {(01:15)} Qe7 {(04:59)} 19. h4 {(07:34)} Kh8 {(
15:33)} 20. h5 {(00:55)} e4 {(02:23)} 21. Be2 {(00:40)} g5
{(00:34)} 22. h4 {(08:42)} gxh4 {(15:25)} 23. d5 {(
03:00)} Re5 {(00:12)} 24. Bxe5 {(00:17)} Qxe5 {(01:21)}
25. c4 {(00:41)} f5 {(00:31)} 26. Kh1 {(00:15)} f4 {
(00:12)} 27. exf4 {(00:49)} Qxf4 {(00:09)} 28. f3 {
(02:44)} e3 {(00:11)} 29. Qg4 {(00:28)} Be5 {(01:
34)} 30. Qxf4 {(00:30)} Bxf4 {(00:36)} 31. c5 {(04:33)}
Nb7 {(00:30)} 32. cxb6 {(00:04)} axb6 {(00:16)} 33. Rb4 {
(00:12)} Nd6 {(00:16)} 34. Bd3 {(01:23)} Bg3 {(00:
57)} 35. Rg4 {(00:59)} Re8 {(00:37)} 36. Be2 {(00:45)} Re5
{(00:21)} 37. Rd1 {(00:30)} Rxh5 {(00:16)} 38. Kg2 {
(00:27)} Rf5 {(00:37)} 39. Rc1 {(00:43)} Rf7 {(00:
33)} 40. Bd3 {(00:00)} Re7 {(00:00)} 41. Kf1 {(02:21)} e2+
{(17:06)} 42. Bxe2 {(00:07)} Nf5 {(00:02)} 43. Re4 {
(08:24)} Ne3+ {(11:13)} 44. Kg1 {(01:45)} Nxd5 {(
00:36)} 45. Bc4 {(05:13)} Rxe4 {(01:06)} 46. fxe4 {(00:05]
} Nf6 {(00:02)} 47. Bd5 {(01:17)} h3 {(00:57)} 48. Rf1 {
(02:11)} Kg7 {(00:26)} 49. Rf3 {(00:41)} h2+ {(00:
23)} 50. Kg2 {(01:01)} Bd6 {(00:19)} 51. Rf5 {(01:42)} Kg6
{(02:03)} 52. Bc6 {(00:13)} h6 {(01:20)} 53. a4 {(
04:28)} Ng4 {(01:24)} 54. a5 {(01:08)} bxa5 {(00:14)} 55.
Rxa5 {(00:14)} Be5 {(00:57)} 56. Rb5 {(00:16)} Kf6 {
(00:31)} 57. Rb1 {(00:19)} Bf4 {(00:33)} 58. Bd7 {(
02:55)} Ne5 {(00:10)} 59. Bb5 {(00:58)} Kg5 {(00:37)} 60.
Be2 {(00:15)} Ng6 {(00:15)} 61. Rb8 {(00:50)} Kf6 {
(00:54)} 62. Rg8 {(00:41)} Bd6 {(00:27)} 63. Rxg6+ {
(00:17)} Kxg6 {(00:04)} 64. Bc4 {(00:31)} Be5 {(00:
05)} 65. Kh1 {(00:10)} 1/2-1/2

[Event "42nd Olympiad Baku 2016 Open"]
[Site "Baku"]
[Date "2016.09.06"]
[Round "5.12"]
[White "Leon, Orlando"]
[Black "Kalugampitiya, R S."]
[Result "0-1"]
[ECO "C77"]
[WhiteElo "2060"]
[BlackElo "2107"]
[Annotator ""]
[PlyCount "120"]
[EventDate "2016.??.??"]
[EventType "team-tourn"]
[EventCountry "AZE"]
[SourceTitle "playchess.com"]
[Source "ChessBase"]
[WhiteTeam "Panama"]
[BlackTeam "Sri Lanka"]
[WhiteTeamCountry "PAN"]
[BlackTeamCountry "SRI"]
[TimeControl "40/5400+30:1800+30"]

1. e4 {(00:00)} e5 {(00:00)} 2. Nf3 {(00:00)} Nc6 {
(00:00)} 3. Bb5 {(00:34)} a6 {(00:12)} 4. Ba4 {(00:
44)} Nf6 {(00:39)} 5. d3 {(01:28)} b5 {(00:58)} 6. Bb3 {
(00:02)} h6 {(02:23)} 7. a4 {(03:33)} Rb8 {(01:24)}
8. Nc3 {(04:02)} Bc5 {(06:46)} 9. O-O {(01:58)} d6 {
(00:16)} 10. axb5 {(00:25)} axb5 {(00:05)} 11. h3 {
(00:24)} O-O {(05:17)} 12. Nd5 {(02:26)} Nxd5 {(07:
33)} 13. Bxd5 {(05:09)} Ne7 {(02:57)} 14. Bb3 {(05:21)}
Ng6 {(09:24)} 15. Be3 {(04:50)} Qf6 {(01:22)} 16. d4 {
(05:48)} Bb6 {(02:30)} 17. c3 {(00:40)} Nf4 {(12:
13)} 18. Bxf4 {(01:08)} Qxf4 {(01:43)} 19. Re1 {(01:31)}
Kh8 {(12:22)} 20. Qe2 {(12:25)} g5 {(12:33)} 21. g3 {
(19:54)} Qf6 {(00:12)} 22. dxe5 dxe5 {(00:37)} 23. Kg2 {
(00:29)} g4 {(01:58)} 24. hxg4 {(01:30)} Bxg4 {(00:
05)} 25. Rad1 {(00:59)} Kg7 {(02:03)} 26. Rd3 {(05:53)} c6
{(10:39)} 27. Red1 {(00:44)} Bc5 {(00:10)} 28. R1d2 {
(02:22)} Ra8 {(04:36)} 29. Rd1 {(03:42)} Ra7 {(00:
35)} 30. Rb1 {(02:33)} Re8 {(01:10)} 31. Qe1 {(03:08)} Rd7
{(01:33)} 32. Rbd1 {(02:12)} Rxd3 {(00:48)} 33. Rxd3 {
(00:01)} Ra8 {(00:31)} 34. Nh4 {(08:45)} Re8 {(00:
47)} 35. Bd1 {(00:32)} Be6 {(00:24)} 36. Rf3 {(01:41)} Qg5
{(00:06)} 37. Bc2 {(00:38)} Rd8 {(00:51)} 38. b4 {(
00:31)} Rd2 {(00:40)} 39. Nf5+ {(00:28)} Kh7 {(00:30)} 40.
bxc5 {(00:00)} Rxc2 {(00:00)} 41. Nd6 {(09:17)} Kg6 {
(14:17)} 42. Qe3 {(12:50)} Rc1 {(06:45)} 43. Qxg5+ {
(02:22)} hxg5 {(00:02)} 44. Rd3 {(00:17)} g4 {(00:
40)} 45. Nb7 {(03:42)} Kg5 {(06:02)} 46. Na5 {(02:54)} f5
{(04:50)} 47. Rd6 {(01:58)} Ba2 {(00:48)} 48. Nxc6 {
(00:56)} Bb1 {(01:02)} 49. Nxe5 {(00:57)} Bxe4+ {(
00:18)} 50. f3 {(00:02)} gxf3+ {(00:47)} 51. Kf2 {(00:02)}
Rc2+ {(00:29)} 52. Kf1 {(00:07)} Rxc3 {(00:22)} 53. c6 {
(01:33)} b4 {(00:16)} 54. Rd4 {(01:00)} b3 {(00:38]
} 55. Rb4 {(00:02)} Rc1+ {(00:40)} 56. Kf2 {(00:02)} Rc2+
{(00:12)} 57. Kf1 {(00:37)} b2 {(00:43)} 58. c7 {(
00:55)} Rc1+ {(00:05)} 59. Kf2 {(00:05)} b1=Q {(00:10)}
60. Nxf3+ {(00:22)} Kf6 {(00:23)} 0-1

[Event "42nd Olympiad Baku 2016 Open"]
[Site "Baku"]
[Date "2016.09.06"]
[Round "5.5"]
[White "Li, Hui"]
[Black "Salim issa ali shamas"]
[Result "1-0"]
[ECO "C97"]
[WhiteElo "1964"]
[BlackElo "1932"]
[Annotator ""]
[PlyCount "135"]
[EventDate "2016.??.??"]
[EventType "team-tourn"]
[EventCountry "AZE"]
[SourceTitle "playchess.com"]
[Source "ChessBase"]
[WhiteTeam "Macau"]
[BlackTeam "OMA"]
[WhiteTeamCountry "MAC"]
[TimeControl "40/5400+30:1800+30"]

1. e4 {(00:00)} e5 {(00:00)} 2. Nf3 {(00:22)} Nc6 {
(00:00)} 3. Bb5 {(00:19)} a6 {(00:39)} 4. Ba4 {(07:
49)} Nf6 {(00:24)} 5. O-O {(00:14)} b5 {(02:32)} 6. Bb3 {
(00:21)} Be7 {(00:12)} 7. Re1 {(10:31)} d6 {(00:28]
} 8. c3 {(00:38)} O-O {(00:31)} 9. h3 {(00:37)} Na5 {
(00:22)} 10. Bc2 {(00:09)} c5 {(00:22)} 11. d4 {(
00:10)} Qc7 {(00:07)} 12. Nbd2 {(01:02)} Bd7 {(01:40)} 13.
Nf1 {(19:09)} Rac8 {(00:30)} 14. d5 {(14:40)} Rfe8 {
(02:00)} 15. Ng3 {(10:12)} c4 {(00:33)} 16. Nh2 {(
05:35)} Nb7 {(00:43)} 17. Qf3 {(04:38)} Qb6 {(01:32)} 18.
Bd2 {(03:43)} Nc5 {(00:25)} 19. Nf5 {(01:23)} Bxf5 {
(00:59)} 20. Qxf5 {(00:31)} g6 {(00:49)} 21. Qf3 {(
00:06)} Ncd7 {(02:04)} 22. Ng4 {(00:53)} Nxg4 {(00:13)}
23. hxg4 {(00:32)} f6 {(00:30)} 24. g3 {(01:16)} Rf8 {
(00:18)} 25. Qe2 {(00:34)} Rf7 {(00:17)} 26. Kg2 {(
01:22)} g5 {(00:14)} 27. b4 {(01:45)} cxb3 {(04:30)} 28.
axb3 {(00:28)} Qb7 {(00:40)} 29. Ra2 {(01:57)} Bd8 {
(01:01)} 30. Rea1 {(00:27)} a5 {(01:09)} 31. Bd3 {(
03:28)} Rb8 {(00:10)} 32. b4 {(02:16)} a4 {(14:03)} 33. c4
{(00:21)} bxc4 {(00:27)} 34. Bxc4 {(00:07)} Nb6 {(
00:08)} 35. Bb5 {(02:54)} h5 {(06:16)} 36. Bc6 {(02:49)}
Qc8 {(00:37)} 37. gxh5 {(00:50)} f5 {(00:10)} 38. f3 {
(02:33)} g4 {(02:34)} 39. fxg4 {(00:09)} f4 {(00:
12)} 40. Rf1 {(00:00)} f3+ {(00:00)} 41. Rxf3 {(02:44)}
Qxg4 {(00:42)} 42. Be1 {(13:59)} Bg5 {(05:22)} 43. Rxf7 {
(00:36)} Qxe2+ {(01:01)} 44. Rxe2 {(00:00)} Kxf7 {(
00:17)} 45. Ra2 {(02:20)} Kg7 {(00:53)} 46. Bxa4 {(01:33)}
Kh6 {(00:32)} 47. Bd1 {(01:51)} Nc4 {(00:08)} 48. Be2 {
(02:35)} Ne3+ {(00:24)} 49. Kg1 {(01:02)} Rc8 {(00:
07)} 50. Bd2 {(00:23)} Nc4 {(00:51)} 51. Bxg5+ {(00:14)}
Kxg5 {(00:21)} 52. Rc2 {(00:49)} Nb6 {(00:10)} 53. Rxc8 {
(00:15)} Nxc8 {(00:10)} 54. Kf2 {(00:08)} Nb6 {(00:
15)} 55. Ke3 {(00:12)} Na4 {(00:27)} 56. b5 {(00:31)} Nb6
{(00:30)} 57. Kd2 {(00:09)} Nd7 {(01:01)} 58. Kc3 {
(00:33)} Nc5 {(00:13)} 59. Bf3 {(00:32)} Kf6 {(00:
23)} 60. Kb4 {(01:39)} Ke7 {(00:27)} 61. b6 {(00:55)} Kd8
{(00:33)} 62. h6 {(00:14)} Nd7 63. h7 Nxb6 {(01:59)} 64.
h8=Q+ {(00:39)} Kc7 {(00:12)} 65. Kb5 {(00:19)} Nc8 {
(00:56)} 66. Bg4 {(00:20)} Na7+ {(01:38)} 67. Ka6 {
(00:05)} Nc6 {(01:00)} 68. Qc8# {(00:11)} 1-0

[Event "42nd Olympiad Baku 2016 Open"]
[Site "Baku"]
[Date "2016.09.06"]
[Round "5.20"]
[White "Linster, Philippe"]
[Black "Sipila, Vilka"]
[Result "0-1"]
[ECO "A11"]
[WhiteElo "2233"]
[BlackElo "2447"]
[Annotator ""]
[PlyCount "66"]
[EventDate "2016.??.??"]
[EventType "team-tourn"]
[EventCountry "AZE"]
[SourceTitle "playchess.com"]
[Source "ChessBase"]
[WhiteTeam "Luxembourg"]
[BlackTeam "Finland"]
[WhiteTeamCountry "LUX"]
[BlackTeamCountry "FIN"]
[TimeControl "40/5400+30:1800+30"]

1. c4 {(00:00)} c6 {(00:00)} 2. Nf3 {(00:00)} d5 {(
00:00)} 3. g3 {(00:00)} Bg4 {(00:15)} 4. Ne5 {(04:12)} Be6
{(01:24)} 5. Bg2 {(01:42)} d4 {(05:54)} 6. b3 {(11:
35)} f6 {(01:19)} 7. Nf3 {(01:54)} Bg4 8. h3 {(07:12)} Bh5
{(03:19)} 9. O-O {(00:25)} e5 {(00:24)} 10. d3 {(
00:36)} Ne7 {(13:02)} 11. Nbd2 {(11:11)} Nd7 12. b4 {(07:
41)} a5 {(06:57)} 13. Ne4 {(05:13)} Nc8 {(00:59)} 14. g4 {
(03:37)} Bf7 {(00:54)} 15. bxa5 {(04:52)} Qxa5 {(
03:11)} 16. Nh4 {(03:57)} Nc5 {(05:50)} 17. Bd2 {(04:11)}
Qc7 {(01:46)} 18. f4 {(00:52)} Nxe4 {(01:26)} 19. Bxe4 {
(00:27)} exf4 {(01:25)} 20. Bxf4 {(04:45)} Bd6 {(
00:20)} 21. Bd2 {(03:40)} Ne7 {(11:37)} 22. Qc2 {(07:10)}
g5 {(02:58)} 23. Nf3 {(03:03)} h5 {(01:38)} 24. Rf2 {
(05:21)} hxg4 {(01:48)} 25. hxg4 {(00:06)} Be6 {(
16:28)} 26. Rg2 {(00:32)} Qd7 {(02:47)} 27. Qb2 {(02:11)}
Bxg4 {(01:45)} 28. Qxd4 {(00:40)} Bxf3 {(01:13)} 29. Qxf6
{(00:31)} Bc5+ {(00:43)} 30. e3 {(00:33)} Rf8 {(02:
40)} 31. Bg6+ {(00:28)} Nxg6 {(00:07)} 32. Qxg6+ {(00:04)}
Kd8 {(01:16)} 33. Rxg5 {(02:52)} Qh3 0-1

[Event "42nd Olympiad Baku 2016 Open"]
[Site "Baku"]
[Date "2016.09.06"]
[Round "5.15"]
[White "Liu, Yeh Yang"]
[Black "Aithmidou, Mohamed-Mehdi"]
[Result "1/2-1/2"]
[ECO "B50"]
[WhiteElo "2009"]
[BlackElo "2229"]
[Annotator ""]
[PlyCount "87"]
[EventDate "2016.??.??"]
[EventType "team-tourn"]
[EventCountry "AZE"]
[SourceTitle "playchess.com"]
[Source "ChessBase"]
[WhiteTeam "Taiwan"]
[BlackTeam "Morocco"]
[WhiteTeamCountry "TPE"]
[BlackTeamCountry "MAR"]
[TimeControl "40/5400+30:1800+30"]

1. e4 {(00:00)} c5 {(00:00)} 2. Nf3 {(00:00)} d6 {(
00:00)} 3. c3 {(00:00)} Nf6 {(00:11)} 4. Qc2 {(00:00)} g6
{(01:12)} 5. d4 {(00:00)} Bg7 {(00:33)} 6. Bb5+ {(
02:25)} Bd7 {(03:20)} 7. Bxd7+ {(00:05)} Qxd7 {(00:33)} 8.
O-O {(00:04)} O-O {(00:21)} 9. d5 {(01:10)} b5 {(
06:18)} 10. Re1 {(00:44)} Qb7 {(01:51)} 11. Bf4 {(00:34)}
Nbd7 {(01:07)} 12. Nbd2 {(00:03)} c4 {(01:53)} 13. Be3 {
(07:43)} Ng4 {(04:48)} 14. Bd4 {(01:03)} Nge5 {(04:
39)} 15. Nxe5 {(00:38)} Nxe5 {(00:07)} 16. Bxe5 {(00:04)}
Bxe5 {(00:07)} 17. Nf3 {(00:09)} Bf6 {(01:30)} 18. Rad1 {
(00:23)} a5 {(22:27)} 19. Nd4 {(00:13)} Ra6 {(04:
24)} 20. Nc6 {(00:42)} e6 {(00:56)} 21. Qd2 {(08:02)} exd5
{(07:09)} 22. exd5 {(00:04)} Qd7 {(04:47)} 23. Qf4 {
(02:38)} Kg7 {(00:22)} 24. Re3 {(06:18)} Re8 {(02:
10)} 25. Rde1 {(01:24)} Raa8 {(01:35)} 26. g3 {(19:33)}
Rxe3 {(04:45)} 27. Rxe3 {(03:53)} Re8 {(01:07)} 28. Rxe8 {
(04:21)} Qxe8 {(00:01)} 29. Kg2 {(00:06)} Qe2 {(02:
23)} 30. h4 {(08:01)} h5 {(03:58)} 31. Qxd6 {(08:44)} Qxb2
{(00:45)} 32. Qc5 {(02:42)} b4 {(04:35)} 33. Nxa5 {
(02:29)} bxc3 {(01:04)} 34. Nxc4 {(00:01)} Qxa2 {(
00:38)} 35. Ne3 {(00:02)} Qd2 {(00:19)} 36. d6 {(06:49)}
Bd4 {(01:32)} 37. Qa5 {(00:02)} Bxe3 {(03:46)} 38. Qe5+ {
(00:02)} Kh7 {(00:42)} 39. Qxe3 {(00:10)} Qd5+ {(
02:05)} 40. Qf3 {(00:00)} Qc4 {(00:00)} 41. d7 {(01:22)}
c2 {(04:31)} 42. d8=Q {(00:09)} c1=Q {(00:15)} 43. Qdd3 {
(00:02)} Qxd3 {(05:29)} 44. Qxd3 {(00:06)} 1/2-1/2

[Event "42nd Olympiad Baku 2016 Open"]
[Site "Baku"]
[Date "2016.09.06"]
[Round "5.23"]
[White "Lorne, Malaku"]
[Black "Larrea, Manuel"]
[Result "0-1"]
[ECO "A45"]
[WhiteElo "2161"]
[BlackElo "2279"]
[Annotator ""]
[PlyCount "78"]
[EventDate "2016.??.??"]
[EventType "team-tourn"]
[EventCountry "AZE"]
[SourceTitle "playchess.com"]
[Source "ChessBase"]
[WhiteTeam "Jamaica"]
[BlackTeam "Uruguay"]
[WhiteTeamCountry "JAM"]
[BlackTeamCountry "URU"]
[TimeControl "40/5400+30:1800+30"]

1. d4 {(00:00)} Nf6 {(00:00)} 2. Bg5 {(00:00)} Ne4 {
(01:18)} 3. Bf4 {(00:34)} c5 {(00:07)} 4. f3 {(01:
03)} Qa5+ {(00:15)} 5. c3 {(00:26)} Nf6 {(00:14)} 6. d5 {
(01:07)} d6 {(00:35)} 7. e4 {(01:29)} g6 {(00:08)}
8. Bd3 {(04:59)} Bg7 {(00:06)} 9. Ne2 {(00:39)} O-O {
(01:26)} 10. Nd2 {(01:47)} Qd8 {(06:04)} 11. O-O {(
10:58)} e6 {(11:38)} 12. dxe6 {(09:19)} Bxe6 {(00:40)} 13.
Be3 {(03:59)} Nc6 {(14:55)} 14. Nf4 {(02:01)} Bd7 {
(00:28)} 15. Nc4 {(16:23)} Ne8 {(16:44)} 16. Be2 {(
03:07)} Be6 {(08:35)} 17. a4 {(07:46)} Qe7 {(02:05)} 18.
Nd5 {(05:39)} Qd8 {(05:06)} 19. Bf4 {(03:11)} Ne5 {
(02:19)} 20. Qd2 {(03:07)} b6 {(13:22)} 21. Rfd1 {(
04:11)} Rb8 {(02:12)} 22. Qe3 {(05:14)} Bxd5 {(10:21)} 23.
Rxd5 {(01:22)} Qe7 {(00:42)} 24. Rad1 {(00:36)} Nxc4 {
(00:27)} 25. Bxc4 {(00:22)} Be5 {(00:20)} 26. Bxe5 {
(01:52)} dxe5 {(00:01)} 27. Rd7 {(00:24)} Qf6 {(00:
28)} 28. Rxa7 {(06:26)} Nd6 {(00:04)} 29. Bd5 {(00:33)}
Kg7 {(01:27)} 30. b3 {(00:43)} h5 {(00:17)} 31. a5 {
(00:34)} bxa5 {(00:55)} 32. Qxc5 {(00:42)} Rbc8 {(
01:25)} 33. Rc7 {(04:10)} Rxc7 {(00:58)} 34. Qxc7 {(00:02]
} Rc8 {(00:25)} 35. Qxa5 {(00:24)} Qf4 {(00:28)} 36. Qb6 {
(00:16)} Rxc3 {(00:15)} 37. Qxd6 {(00:25)} Qe3+ {(
00:04)} 38. Kh1 {(00:19)} Rc1 {(00:13)} 39. Bc4 {(00:22)}
Qe1+ {(00:09)} 0-1

[Event "42nd Olympiad Baku 2016 Open"]
[Site "Baku"]
[Date "2016.09.06"]
[Round "5.14"]
[White "Luxama, Jacques Muller"]
[Black "Kumar, Manoj"]
[Result "1/2-1/2"]
[ECO "C50"]
[WhiteElo "2024"]
[BlackElo "1986"]
[Annotator ""]
[PlyCount "60"]
[EventDate "2016.??.??"]
[EventType "team-tourn"]
[EventCountry "AZE"]
[SourceTitle "playchess.com"]
[Source "ChessBase"]
[WhiteTeam "Haiti"]
[BlackTeam "Fiji"]
[WhiteTeamCountry "HAI"]
[BlackTeamCountry "FIJ"]
[TimeControl "40/5400+30:1800+30"]

1. e4 {(00:00)} e5 {(00:00)} 2. Nf3 {(00:00)} Nc6 {
(00:22)} 3. Bc4 {(00:16)} Nf6 {(00:51)} 4. d3 {(01:
00)} Bc5 {(00:50)} 5. c3 {(00:33)} d6 {(10:04)} 6. Be3 {
(01:18)} Bb6 {(00:11)} 7. h3 {(00:40)} h6 {(05:06)}
8. Nbd2 {(00:29)} O-O {(00:11)} 9. Nf1 {(00:41)} d5 {
(00:18)} 10. exd5 {(02:05)} Nxd5 {(02:35)} 11. Bxb6 {
(04:01)} axb6 {(01:29)} 12. Ne3 {(01:40)} Be6 {(02:
12)} 13. Bb5 {(09:56)} Nf4 {(28:06)} 14. O-O {(04:21)} Qf6
{(07:20)} 15. Kh2 {(06:46)} Rad8 {(05:56)} 16. Ne1 {
(03:21)} Rd6 {(26:46)} 17. Qf3 {(04:48)} Qg6 {(02:
42)} 18. Qg3 {(10:03)} Qxg3+ {(01:06)} 19. fxg3 {(03:12)}
Ng6 {(00:57)} 20. Nf5 {(05:06)} Rdd8 {(00:59)} 21. a3 {
(11:56)} Nge7 {(00:17)} 22. Nxe7+ {(01:48)} Nxe7 {(
00:04)} 23. Nf3 {(03:26)} f6 {(00:43)} 24. d4 {(00:35)} e4
{(01:19)} 25. Rfe1 {(00:50)} f5 {(00:40)} 26. Ne5 {
(00:50)} c6 {(00:28)} 27. Bc4 {(04:27)} Bxc4 {(00:
06)} 28. Nxc4 {(00:02)} Nd5 {(00:32)} 29. Ne5 {(00:48)} b5
{(01:32)} 30. Rac1 {(01:21)} Nb6 {(00:23)} 1/2-1/2

[Event "42nd Olympiad Baku 2016 Open"]
[Site "Baku"]
[Date "2016.09.06"]
[Round "5.11"]
[White "Ly, Moulthun"]
[Black "Seitaj, Ilir"]
[Result "1-0"]
[ECO "C87"]
[WhiteElo "2513"]
[BlackElo "2374"]
[Annotator ""]
[PlyCount "113"]
[EventDate "2016.??.??"]
[EventType "team-tourn"]
[EventCountry "AZE"]
[SourceTitle "playchess.com"]
[Source "ChessBase"]
[WhiteTeam "Australia"]
[BlackTeam "Albania"]
[WhiteTeamCountry "AUS"]
[BlackTeamCountry "ALB"]
[TimeControl "40/5400+30:1800+30"]

1. e4 {(00:00)} e5 {(00:00)} 2. Nf3 {(00:00)} Nc6 {
(00:00)} 3. Bb5 {(00:00)} a6 {(00:37)} 4. Ba4 {(00:
00)} Nf6 {(00:07)} 5. O-O {(00:05)} Be7 {(00:06)} 6. Re1 {
(00:55)} d6 {(01:15)} 7. Bxc6+ {(04:23)} bxc6 {(00:
16)} 8. d4 {(00:07)} exd4 {(01:34)} 9. Nxd4 {(00:08)} Bd7
{(00:11)} 10. Qf3 {(02:11)} O-O {(00:53)} 11. Nc3 {
(01:17)} Re8 {(07:01)} 12. e5 {(07:02)} dxe5 {(01:
28)} 13. Nxc6 {(00:20)} e4 {(04:29)} 14. Nxe7+ {(00:31)}
Qxe7 {(00:24)} 15. Qg3 {(00:37)} Bc6 {(05:05)} 16. Bg5 {
(01:24)} Rab8 {(01:49)} 17. b3 {(02:03)} Nh5 {(15:
42)} 18. Qh4 {(06:53)} Qe5 {(01:26)} 19. Ne2 {(03:41)} h6
{(02:35)} 20. Be3 {(00:11)} a5 {(08:16)} 21. a4 {(
04:19)} Bb7 {(04:11)} 22. Rad1 {(03:25)} Re6 {(04:31)} 23.
Rd2 {(17:17)} Rg6 {(00:52)} 24. Red1 {(00:56)} Re8 {
(02:50)} 25. Rd8 {(03:24)} Nf6 {(03:02)} 26. Qf4 {(
01:44)} Qe7 {(03:36)} 27. Rxe8+ {(01:04)} Nxe8 {(00:10)}
28. Ng3 {(01:13)} Nd6 {(08:56)} 29. Bc5 {(00:46)} Qd7 {
(04:02)} 30. Bxd6 {(03:44)} cxd6 {(00:15)} 31. Qe3 {
(03:25)} h5 {(02:30)} 32. h3 {(00:07)} h4 {(02:10)}
33. Ne2 {(01:35)} Qf5 {(01:48)} 34. Rd2 {(04:58)} Qe5 {
(03:05)} 35. c3 {(07:31)} Qc5 {(01:37)} 36. Nf4 {(
01:40)} Rf6 {(00:58)} 37. c4 {(04:37)} Qe5 {(02:08)} 38.
Nd5 {(00:16)} Rg6 {(06:06)} 39. Qf4 {(11:55)} Qa1+ {
(01:03)} 40. Kh2 {(00:00)} Bxd5 {(00:00)} 41. Rxd5 {
(01:55)} Qf1 {(04:22)} 42. Qxe4 {(00:14)} Qxf2 {(
00:22)} 43. Rh5 {(10:24)} Rh6 {(03:57)} 44. Rxa5 {(01:32)}
Qg3+ {(00:36)} 45. Kh1 {(02:53)} g5 {(00:25)} 46. Qe7 {
(09:46)} Rg6 {(03:07)} 47. Rf5 {(00:43)} Rg7 {(03:
18)} 48. Rf3 {(03:17)} Qe5 {(00:26)} 49. Qxe5 {(00:25)}
dxe5 {(00:07)} 50. b4 {(00:16)} e4 {(00:21)} 51. Rf5 {
(00:34)} g4 {(08:52)} 52. hxg4 {(00:08)} Rxg4 {(00:
08)} 53. a5 {(01:47)} e3 {(00:30)} 54. a6 {(01:22)} Rxc4 {
(02:56)} 55. a7 {(00:24)} Rc8 {(02:31)} 56. Kg1 {(
00:30)} Kf8 {(02:41)} 57. Ra5 {(00:40)} 1-0

[Event "42nd Olympiad Baku 2016 Open"]
[Site "Baku"]
[Date "2016.09.06"]
[Round "5.5"]
[White "Mabrouk, Fathi"]
[Black "Mohtaat, Homayoun"]
[Result "1-0"]
[ECO "A05"]
[WhiteElo "2145"]
[BlackElo "1655"]
[Annotator ""]
[PlyCount "45"]
[EventDate "2016.??.??"]
[EventType "team-tourn"]
[EventCountry "AZE"]
[SourceTitle "playchess.com"]
[Source "ChessBase"]
[WhiteTeam "Tunisia"]
[BlackTeam "Afghanistan"]
[WhiteTeamCountry "TUN"]
[BlackTeamCountry "AFG"]
[TimeControl "40/5400+30:1800+30"]

1. Nf3 {(00:00)} Nf6 {(00:00)} 2. c4 {(00:00)} c6 {
(00:13)} 3. Qa4 {(00:09)} e6 {(01:10)} 4. Nc3 {(02:
43)} d5 {(00:11)} 5. e3 {(01:08)} Nbd7 {(00:11)} 6. d4 {
(00:27)} Bd6 {(00:37)} 7. Bd3 {(00:30)} O-O {(01:
02)} 8. Qc2 {(00:31)} dxc4 {(07:41)} 9. Bxc4 {(00:08)} e5
{(00:16)} 10. O-O {(04:53)} Qe7 {(01:22)} 11. dxe5 {
(09:10)} Nxe5 {(00:09)} 12. Be2 {(00:52)} Bg4 {(01:
39)} 13. Nd4 {(01:49)} Bd7 {(02:57)} 14. Nf5 {(01:12)}
Bxf5 {(00:08)} 15. Qxf5 {(00:07)} Rad8 {(00:29)} 16. e4 {
(05:51)} h6 {(04:26)} 17. Kh1 {(05:45)} Bc5 {(05:
26)} 18. Bf4 {(08:32)} Ng6 {(00:44)} 19. Bg3 {(00:54)} Bd4
{(05:31)} 20. f3 {(09:08)} Bxc3 {(06:06)} 21. bxc3 {
(00:13)} Rd2 {(00:51)} 22. Bc4 {(00:16)} Rfd8 {(07:
19)} 23. Qxg6 1-0

[Event "42nd Olympiad Baku 2016 Open"]
[Site "Baku"]
[Date "2016.09.06"]
[Round "5.25"]
[White "Machin Rivera, Mark"]
[Black "Ayyad, Husain"]
[Result "1-0"]
[ECO "A36"]
[WhiteElo "2339"]
[BlackElo "2176"]
[Annotator ""]
[PlyCount "101"]
[EventDate "2016.??.??"]
[EventType "team-tourn"]
[EventCountry "AZE"]
[SourceTitle "playchess.com"]
[Source "ChessBase"]
[WhiteTeam "Puerto Rico"]
[BlackTeam "Brunei"]
[WhiteTeamCountry "PUR"]
[BlackTeamCountry "BRN"]
[TimeControl "40/5400+30:1800+30"]

1. c4 {(00:00)} c5 {(00:36)} 2. g3 {(00:00)} g6 {(
00:07)} 3. Bg2 {(00:00)} Bg7 {(00:06)} 4. Nc3 {(00:16)}
Nc6 {(00:07)} 5. e3 {(00:17)} e5 {(00:05)} 6. Nge2 {
(00:17)} Nge7 {(01:15)} 7. O-O {(00:09)} O-O {(00:
07)} 8. d3 {(00:14)} d6 {(00:08)} 9. b3 {(00:18)} Rb8 {
(01:01)} 10. Bb2 {(00:45)} a6 {(04:15)} 11. Qd2 {(
00:43)} Be6 {(08:37)} 12. Nd5 {(00:23)} b5 {(01:21)} 13.
f4 {(03:35)} Bxd5 {(00:07)} 14. cxd5 {(00:33)} Qa5 {
(09:11)} 15. b4 {(05:40)} Nxb4 {(01:22)} 16. a3 {(
00:12)} Nbc6 {(00:23)} 17. Bc3 {(00:05)} Qb6 {(00:06)} 18.
dxc6 {(00:07)} Nxc6 {(00:03)} 19. Bb2 {(18:49)} Na5 {
(10:45)} 20. Rae1 {(06:57)} c4 {(25:28)} 21. Nc3 {(
08:08)} cxd3 {(08:44)} 22. Qxd3 {(03:32)} Nc4 {(01:19)}
23. Bc1 {(00:09)} f5 {(01:42)} 24. Bd5+ {(13:18)} Kh8 {
(00:02)} 25. Na2 {(00:28)} e4 {(02:20)} 26. Qb3 {(
06:34)} Rfc8 {(01:48)} 27. Rd1 {(07:33)} Qc5 {(13:19)} 28.
Rf2 {(02:59)} a5 {(04:51)} 29. Rc2 {(03:07)} Qa7 {(
03:05)} 30. Kf2 {(00:53)} Rc5 {(01:23)} 31. Qb1 {(12:48)}
Rbc8 {(01:02)} 32. Bxc4 {(01:32)} bxc4 {(00:11)} 33. Nc3 {
(00:53)} Rb8 34. Qa2 {(01:40)} Rb3 {(00:40)} 35. Na4 {
(02:42)} Rc6 {(01:06)} 36. Rxc4 {(01:16)} Rxc4 {(
00:02)} 37. Qxb3 {(00:06)} Qc7 {(00:05)} 38. Bd2 {(01:06)}
h5 {(01:21)} 39. Qb6 {(00:40)} Qd7 {(00:18)} 40. Qb8+ {
(00:00)} Rc8 {(00:00)} 41. Qb3 {(02:48)} g5 {(14:
56)} 42. Nb6 {(07:03)} Qb7 {(00:26)} 43. Bxa5 {(02:04)}
gxf4 {(00:15)} 44. gxf4 {(00:10)} Bf6 {(10:47)} 45. Rxd6 {
(11:02)} Bh4+ {(00:49)} 46. Kg1 {(00:32)} Qg7+ {(
05:35)} 47. Kf1 {(02:32)} Rc1+ {(00:48)} 48. Rd1 {(00:04)}
Rc6 {(00:52)} 49. Qb5 {(05:39)} Qg4 {(00:57)} 50. Qe5+ {
(01:03)} Kg8 {(00:06)} 51. Qe8+ {(00:06)} 1-0